 Dungeon Crawl Stone Soup version 0.22-a0-348-gd16d139 (webtiles) character file.

27617 JeffiDaFish the Thaumaturge (level 13, -2/104 HPs)
             Began as a Purple Draconian Fire Elementalist on Apr 9, 2018.
             Was a High Priest of Sif Muna.
             Slain by a black mamba (17 damage)
             ... on level 4 of the Lair of Beasts.
             The game lasted 00:55:46 (15089 turns).

JeffiDaFish the Thaumaturge (DrFE)                 Turns: 15089, Time: 00:55:48

Health: -2/104     AC: 10    Str: 12    XL:     13   Next: 5%
Magic:  0/28       EV: 12    Int: 23    God:    Sif Muna [*****.]
Gold:   709        SH:  0    Dex: 12    Spells: 11/34 levels left

rFire    + + .     SeeInvis +   s - staff of fire
rCold    x . .     Gourm    .   (no shield)
rNeg     . . .     Faith    .   (armour unavailable)
rPois    .         Spirit   .   (helmet restricted)
rElec    +         Reflect  .   (no cloak)
rCorr    .         Harm     .   o - +1 pair of gloves
MR       +....                  (no boots)
Stlth    ++........             e - amulet of regeneration
HPRegen  0.67/turn              n - +3 ring of intelligence
MPRegen  0.21/turn              r - ring of Xom's Bemusement {Fire rElec Str+3 SInv}

@: lethally poisoned (-2 -> -3), no casting
A: breathe power, unfitting armour, horns 2, weak 1, no potion heal 1,
cold-blooded, AC +8
a: Breathe Dispelling Energy, Stop Divine Energy, Channel Magic, Forget Spell,
Renounce Religion


You were on level 4 of the Lair of Beasts.
You worshipped Sif Muna.
Sif Muna was extremely pleased with you.
You were not hungry.

You visited 2 branches of the dungeon, and saw 13 of its levels.
You also visited: Ossuary.

You collected 709 gold pieces.

Inventory:

Hand Weapons
 j - a +3 whip of electrocution
 t - a +0 vampiric morningstar
 u - a +4 mace of electrocution
Armour
 a - a +0 buckler
 o - a +1 pair of gloves (worn)
Magical Staves
 s - an uncursed staff of fire (weapon)
Jewellery
 e - an amulet of regeneration (around neck)
 n - a +3 ring of intelligence (left hand)
 p - an uncursed ring of flight
 r - the ring of Xom's Bemusement (right hand) {Fire rElec Str+3 SInv}
   (You found it on level 9 of the Dungeon)

   [ring of fire]

   It enhances your fire magic.
   It affects your strength (+3).
   It protects you from fire.
   It makes you vulnerable to cold.
   It insulates you from electricity.
   It lets you see invisible.
 y - a +5 ring of strength
 A - an uncursed amulet of the acrobat
Wands
 m - a wand of acid (15)
 w - a wand of scattershot (4)
Scrolls
 d - 4 scrolls of amnesia
 f - 4 scrolls of teleportation
 g - a scroll of fog
 l - 6 scrolls of remove curse
 v - 5 scrolls of identify
Potions
 c - 6 potions of curing
 i - 2 potions of magic
 k - a potion of cancellation
 q - 2 potions of invisibility
 x - a potion of mutation
 z - a potion of might
 B - a potion of brilliance
Comestibles
 b - 12 rations


   Skills:
 + Level 6.7 Fighting
 - Level 3.9(6.2) Maces & Flails
 + Level 7.4(7.9) Staves
 - Level 1.7 Dodging
 - Level 1.7 Stealth
 * Level 11.4 Spellcasting
 * Level 10.3 Conjurations
   Level 4.5 Hexes
 * Level 10.7 Fire Magic
 + Level 2.9 Poison Magic
 - Level 7.3 Evocations


You had 11 spell levels left.
You knew the following spells:

 Your Spells              Type           Power        Failure   Level  Hunger
a - Flame Tongue          Conj/Fire      #####        1%          1    None
b - Conjure Flame         Conj/Fire      #######.     1%          3    None
c - Sticky Flame          Conj/Fire      #######.     1%          4    None
d - Fireball              Conj/Fire      #######...   1%          5    ####...
e - Mephitic Cloud        Conj/Pois/Air  ####....     2%          3    None
f - Ignite Poison         Fire/Tmut/Pois ######..     2%          3    None
g - Olgreb's Toxic Radia  Pois           ####....     14%         4    None


Dungeon Overview and Level Annotations

Branches:
Dungeon (10/15)            Temple (0/1) D:7            Lair (2/6) D:10
    Orc (0/2) D:10
  Swamp: Lair:2-4    Shoals: Lair:2-4     Snake: Lair:2-4    Spider: Lair:2-4

Altars:
Qazlal
Ru
Sif Muna
Vehumet
Xom
The Shining One

Shops:
D:6 :   D:10 :


Innate Abilities, Weirdness & Mutations

You can breathe bolts of dispelling energy.
Your rich purple scales are hard. (AC +8)
You cannot fit into any form of body armour.
You are cold-blooded and may be slowed by cold attacks.
You have a pair of horns on your head.
You are weak. (Str -2)
Potions are less effective at restoring your health.


Message History

The black mamba closely misses you. The black mamba bites you!
* * * LOW HITPOINT WARNING * * *
You are poisoned.
The black mamba poisons you!
You feel sick. The black mamba barely misses you.
You regain access to your magic.
You feel sick.
Casting: Fireball (safe; 1% risk of failure)
Confirm with . or Enter, or press ? or * to list all spells.
Aiming: Sticky Flame (safe; 1% risk of failure)
Press: ? - help, Shift-Dir - straight line, f/p - black mamba
Aim: a black mamba (lightly wounded)
You feel a strong surge of power!
The sticky flame hits the black mamba.
The black mamba is moderately wounded.
The black mamba is covered in liquid flames!
Sif Muna grants you divine energy.
You briefly lose access to your magic!
You feel sick.
The black mamba burns!
The black mamba bites you!
You die...

.. ≈..≈ . ...
.##.♣♣..♣♣. ####..####
.$...♣w.♣..
.#P....#..###.##..♣.†♣..
..............##...⌠⌠...
.......#......####....#.
#.........P.#.###...##
###.............###....#
#......@S.....P.........
###.#.P##............#.#
......##
##.......##...## ......#
#....#..###....
......P####.......#
#.#..
..#.P.......#..#..#
#####
#..#..#...#....P..#
#.....#.###.#......
#.#......####..P.##


You could see a black mamba (burning).

Vanquished Creatures
  Fannar (Lair:2)
  Erolcha (D:9)
  A hydra (Lair:2)
  3 two-headed ogres
  6 death yaks (Lair:2)
  A necromancer (D:9)
  2 ugly things (D:10)
  A manticore (D:10)
  A black mamba (Lair:2)
  A torpor snail (Lair:1)
  2 spiny frogs (Lair:1)
  A troll (D:10)
  A slime creature (D:9)
  3 hippogriffs
  3 dream sheep (Lair:2)
  A wyvern (D:9)
  10 yaks
  2 basilisks
  A vampire (D:10)
  2 hungry ghosts (D:9)
  Menkaure (D:7)
  A steam dragon (D:7)
  3 swamp worms (Lair:4)
  2 water moccasins
  4 porcupines
  The ghost of GuildmasterMusic the Covert, an amateur SpAs (D:5)
  A swamp drake (D:10)
  2 black bears (D:10)
  6 orc warriors
  5 sky beasts
  An ice beast (D:8)
  3 phantoms
  5 ogres
  2 centaurs
  4 crocodiles
  3 big kobolds
  16 bullfrogs
  A gnoll sergeant (D:9)
  2 wyvern skeletons (D:8)
  4 wights (D:8)
  A bullfrog zombie (D:9)
  9 crimson imps
  5 centaur zombies
  3 hounds
  A quasit (D:10)
  2 bullfrog skeletons (D:9)
  10 orc priests
  A human zombie (Ossuary)
  5 jellies
  18 orc wizards
  A centaur skeleton (D:9)
  An iguana (D:9)
  3 worker ants
  5 mummies
  A hound skeleton (D:7)
  3 gnolls (D:6)
  7 adders
  3 shadow imps
  3 adder zombies (D:5)
  An adder skeleton (D:4)
  4 dart slugs
  6 leopard geckos
  43 orcs
  A ball python (D:2)
  8 bats
  6 giant cockroaches
  7 goblins
  13 hobgoblins
  3 jackals (D:8)
  A quokka (D:5)
  7 frilled lizards
  2 goblin zombies
  13 kobolds
  4 kobold zombies
  An orc zombie (Ossuary)
  10 rats
  4 fungi (D:10)
  3 plants (D:10)
330 creatures vanquished.

Vanquished Creatures (others)
  29 fungi
  12 plants
41 creatures vanquished.

Grand Total: 371 creatures vanquished

Notes
Turn   | Place    | Note
-------+----------+-------------------------------------------
     0 | D:1      | JeffiDaFish the Draconian Fire Elementalist began the quest for the Orb.
     0 | D:1      | Reached XP level 1. HP: 14/14 MP: 3/3
   395 | D:1      | Reached XP level 2. HP: 18/20 MP: 5/5
   940 | D:2      | Reached XP level 3. HP: 20/26 MP: 2/6
  1495 | D:2      | Found a deep blue altar of Sif Muna.
  1503 | D:2      | Became a worshipper of Sif Muna the Loreminder
  1732 | D:3      | Reached skill level 3 in Spellcasting
  1732 | D:3      | Reached XP level 4. HP: 15/33 MP: 1/8
  1998 | D:3      | Found a stormy altar of Qazlal.
  2126 | D:3      | Learned a level 3 spell: Conjure Flame
  2135 | D:3      | Learned a level 4 spell: Sticky Flame
  2182 | D:3      | Reached XP level 5. HP: 37/38 MP: 6/10
  2728 | D:3      | Reached * piety under Sif Muna
  2902 | D:4      | Found a glowing golden altar of the Shining One.
  2912 | D:4      | Noticed a phantom
  2976 | D:4      | Killed a phantom
  2976 | D:4      | Reached skill level 4 in Spellcasting
  2976 | D:4      | Reached XP level 6. HP: 24/45 MP: 0/12
  3576 | D:4      | Noticed an orc warrior
  3667 | D:4      | Killed an orc warrior
  3667 | D:4      | Your scales start taking on a rich purple colour.
  3667 | D:4      | Reached skill level 5 in Spellcasting
  3667 | D:4      | Reached XP level 7. HP: 37/50 MP: 6/15
  3869 | D:4      | Reached ** piety under Sif Muna
  4226 | D:5      | Entered Level 5 of the Dungeon
  4309 | D:5      | Reached skill level 6 in Spellcasting
  4309 | D:5      | Reached skill level 5 in Conjurations
  4408 | D:5      | Learned a level 5 spell: Fireball
  4503 | D:5      | Learned a level 3 spell: Confuse
  4549 | D:5      | Noticed GuildmasterMusic's ghost (amateur SpAs)
  4587 | D:5      | Killed GuildmasterMusic's ghost
  4651 | D:5      | Reached skill level 1 in Hexes
  4651 | D:5      | Reached skill level 5 in Fire Magic
  5045 | D:6      | Found Laong's Book Shop.
  5054 | D:6      | Reached skill level 1 in Fighting
  5061 | D:6      | Reached XP level 8. HP: 59/59 MP: 0/17
  5227 | D:6      | Reached skill level 1 in Maces & Flails
  5900 | D:7      | Reached skill level 7 in Spellcasting
  5909 | D:7      | Reached *** piety under Sif Muna
  6490 | D:7      | Found a staircase to the Ecumenical Temple.
  6664 | D:7      | Noticed Menkaure
  6668 | D:7      | Killed Menkaure
  6668 | D:7      | Reached XP level 9. HP: 68/68 MP: 9/20
  6909 | D:7      | Found a sacrificial altar of Ru.
  7066 | D:8      | Found a sand-covered staircase.
  7112 | Ossuary  | Entered an ossuary
  7457 | Ossuary  | Reached skill level 8 in Spellcasting
  7519 | Ossuary  | Reached **** piety under Sif Muna
  7694 | Ossuary  | Gained mutation: Potions are less effective at restoring your health. [potion of mutation]
  7694 | Ossuary  | Gained mutation: Your spells are a little easier to cast, but a little less powerful. [potion of mutation]
  7694 | Ossuary  | Gained mutation: You have large cloven feet. [potion of mutation]
  7727 | Ossuary  | Lost mutation: Your spells are a little easier to cast, but a little less powerful. [potion of mutation]
  7727 | Ossuary  | Lost mutation: You have large cloven feet. [potion of mutation]
  7727 | Ossuary  | Gained mutation: You are weak. (Str -2) [potion of mutation]
  7727 | Ossuary  | Gained mutation: You have a pair of small horns on your head. [potion of mutation]
  7727 | Ossuary  | Gained mutation: You have a pair of horns on your head. [potion of mutation]
  7851 | D:8      | Noticed a two-headed ogre
  8051 | D:8      | Killed a two-headed ogre
  8304 | D:8      | Reached XP level 10. HP: 78/78 MP: 12/22
  8395 | D:8      | Reached ***** piety under Sif Muna
  8951 | D:9      | Found a shimmering altar of Xom.
  9028 | D:9      | Reached skill level 9 in Spellcasting
  9190 | D:9      | Noticed a necromancer
  9323 | D:9      | Got a clouded lead ring
  9327 | D:9      | Identified the ring of Xom's Bemusement {Fire rElec Str+3 SInv} (You found it on level 9 of the Dungeon)
  9355 | D:9      | Killed a necromancer
  9355 | D:9      | Reached skill level 1 in Evocations
  9497 | D:9      | Identified Zures's Tome of Lucky Poison (Sif Muna gifted it to you on level 9 of the Dungeon)
  9497 | D:9      | Received a gift from Sif Muna
  9497 | D:9      | Reached skill level 5 in Staves
  9497 | D:9      | Reached XP level 11. HP: 85/85 MP: 15/24
  9545 | D:9      | Learned a level 3 spell: Mephitic Cloud
  9595 | D:9      | Noticed Erolcha
  9600 | D:9      | Killed Erolcha
  9610 | D:9      | Noticed a two-headed ogre
  9619 | D:9      | Killed a two-headed ogre
  9889 | D:9      | Found a radiant altar of Vehumet.
 10064 | D:9      | Learned a level 3 spell: Ignite Poison
 10373 | D:10     | Entered Level 10 of the Dungeon
 10388 | D:10     | Reached skill level 5 in Fighting
 10903 | D:10     | Reached skill level 10 in Spellcasting
 11083 | D:10     | Noticed a two-headed ogre
 11090 | D:10     | Killed a two-headed ogre
 11090 | D:10     | Reached XP level 12. HP: 94/94 MP: 3/26
 11549 | D:10     | Found a staircase to the Orcish Mines.
 12175 | D:10     | Found Dunaz's Book Boutique.
 12213 | D:10     | Found a staircase to the Lair.
 12240 | D:10     | Identified Sif Muna's Catalogue of Poison and Transformation (Sif Muna gifted it to you on level 10 of the Dungeon)
 12240 | D:10     | Received a gift from Sif Muna
 12349 | D:10     | Learned a level 4 spell: Olgreb's Toxic Radiance
 12763 | Lair:1   | Entered Level 1 of the Lair of Beasts
 12920 | Lair:1   | Reached skill level 10 in Fire Magic
 12981 | Lair:1   | Reached skill level 1 in Poison Magic
 13854 | Lair:2   | Noticed a death yak
 13854 | Lair:2   | Noticed a death yak
 13855 | Lair:2   | Noticed a death yak
 13880 | Lair:2   | Noticed a death yak
 13904 | Lair:2   | Killed a death yak
 13988 | Lair:2   | Noticed a death yak
 14020 | Lair:2   | Killed a death yak
 14104 | Lair:2   | Noticed a death yak
 14112 | Lair:2   | Killed a death yak
 14119 | Lair:2   | Killed a death yak
 14119 | Lair:2   | Reached skill level 11 in Spellcasting
 14258 | Lair:2   | Killed a death yak
 14258 | Lair:2   | Reached skill level 10 in Conjurations
 14265 | Lair:2   | Killed a death yak
 14398 | Lair:2   | Noticed a seven-headed hydra
 14404 | Lair:2   | Killed a seven-headed hydra
 14519 | Lair:2   | Noticed Fannar
 14684 | Lair:2   | Killed Fannar
 14803 | Lair:2   | Reached XP level 13. HP: 104/104 MP: 25/28
 15038 | Lair:2   | You fall through a shaft for 2 floors!
 15089 | Lair:4   | Slain by a black mamba

Vault maps used:
D:1:      minmay_arrival_loop, corner_web_ring
D:2:      led_sif_pool
D:3:      nicolae_qazlal_eye_of_the_storm, first_ration
D:4:      nicolae_tso_carved_into_rock
D:5:      nicolae_sextant
D:6:      serial_shops, shop, lemuel_flame_loot_1
D:7:      nicolae_ru_path_of_blood, temple_pool_b, uniq_menkaure
D:8:      nicolae_ossuary_entry_giza
D:9:      minmay_the_grid_four_pointed_star, kennysheep_mini, tgw_xom,
          uniq_erolcha
D:10:     cheibrodos_barr_body, due_lair_maze_entry_diamond, erik_orc_1,
          serial_shops, kennysheep_mini_moat
Lair:1:   st_stairs_4
Lair:2:   enter_volcano_1, nicolae_quartered_pool_super, grunt_megastairs_3,
          uniq_fannar
Lair:4:   nicolae_swamp_entry_splash_gauntlet, basic_altar, minivault_26
Ossuary:  ossuary_crypta

Skill      XL: |  1  2  3  4  5  6  7  8  9 10 11 12 |
---------------+-------------------------------------+-----
Conjurations   | 2 3 4 5 6 7 8 9 10 | 10.3
Spellcasting   | 3 4 5 6 7 8 9 10 11 | 11.4
Fire Magic     | 4 5 6 7 8 9 10 | 10.7
Hexes          | 1 2 4 |  4.5
Fighting       | 1 2 4 5 6 |  6.7
Maces & Flails | 2 3 |  3.9
Evocations     | 6 7 |  7.3
Staves         | 5 6 7 |  7.4
Poison Magic   | 2 |  2.9
Dodging        | |  1.7
Stealth        | |  1.7

Action                   |  1- 3 |  4- 6 |  7- 9 | 10-12 | 13-15 || total
-------------------------+-------+-------+-------+-------+-------++-------
Melee: Dagger            |    57 |    55 |     2 |       |       ||   114
       Tailslap          |     3 |     6 |    10 |    31 |       ||    50
       Whip              |       |       |   177 |    34 |       ||   211
       Kick              |       |       |     3 |       |       ||     3
       Headbutt          |       |       |     2 |    28 |       ||    30
       Mace              |       |       |       |    33 |       ||    33
       Staff             |       |       |       |   196 |     1 ||   197
 Cast: Flame Tongue      |    42 |    43 |    56 |    97 |     4 ||   242
       Sticky Flame      |       |     4 |    26 |    47 |     5 ||    82
       Conjure Flame     |       |     1 |     3 |       |       ||     4
       Fireball          |       |       |    15 |    57 |     4 ||    76
       Confuse           |       |       |     4 |       |       ||     4
       Mephitic Cloud    |       |       |       |    28 |     2 ||    30
       Ignite Poison     |       |       |       |    19 |     2 ||    21
       Olgreb's Toxic Ra |       |       |       |     8 |       ||     8
Invok: Divine Energy     |       |       |     1 |       |       ||     1
       Forget Spell      |       |       |       |     1 |       ||     1
Evoke: Wand              |       |     2 |     3 |       |       ||     5
  Use: Scroll            |     5 |     1 |    11 |     9 |     1 ||    27
       Potion            |     2 |     1 |    10 |     3 |       ||    16
 Stab: Sleeping          |     1 |     1 |       |       |       ||     2
       Invisible         |       |       |     1 |       |       ||     1
       Confused          |       |       |       |     1 |       ||     1
  Eat: Chunk             |     3 |     6 |    12 |    27 |     1 ||    49
       Ration            |       |       |     3 |     2 |       ||     5
Armor: Skin              |    15 |    18 |    73 |   103 |     1 ||   210
Dodge: Dodged            |    40 |    29 |   120 |   132 |    10 ||   331

Table legend:
 A = Spawn XP
 B = Non-spawn XP
 C = Spawn XP percentage of total XP
 D = Spawn monster count
 E = Non-spawn monster count
 F = Spawn count percentage of total count
 G = Total turns spent on level
                    A         B        C        D         E        F      G
               +---------+---------+-------+---------+---------+-------+---------
         Total |       0 |   31543 |   0.0 |       0 |     323 |   0.0 | 15089
               +---------+---------+-------+---------+---------+-------+---------
           D:1 |       0 |      29 |   0.0 |       0 |      18 |   0.0 |   886
           D:2 |       0 |      60 |   0.0 |       0 |      26 |   0.0 |   833
           D:3 |       0 |     215 |   0.0 |       0 |      27 |   0.0 |  1164
           D:4 |       0 |     586 |   0.0 |       0 |      13 |   0.0 |  1343
           D:5 |       0 |     498 |   0.0 |       0 |      12 |   0.0 |   752
           D:6 |       0 |     509 |   0.0 |       0 |       8 |   0.0 |   914
           D:7 |       0 |     959 |   0.0 |       0 |      19 |   0.0 |  1048
           D:8 |       0 |    3035 |   0.0 |       0 |      50 |   0.0 |  1347
           D:9 |       0 |    4568 |   0.0 |       0 |      38 |   0.0 |  1583
          D:10 |       0 |    8144 |   0.0 |       0 |      65 |   0.0 |  2252
        Lair:1 |       0 |    2921 |   0.0 |       0 |      13 |   0.0 |  1366
        Lair:2 |       0 |    9042 |   0.0 |       0 |      17 |   0.0 |   909
        Lair:4 |       0 |     762 |   0.0 |       0 |       5 |   0.0 |    51
       Ossuary |       0 |     215 |   0.0 |       0 |      12 |   0.0 |   641
               +---------+---------+-------+---------+---------+-------+---------
